 Dungeon Crawl Stone Soup version 0.20-a0-709-gd40821f (webtiles) character file.

89 kidcy the Poker (level 4, -1/37 HPs)
             Began as a Merfolk Monk on Feb 21, 2017.
             Slain by Grinder (4 damage)
             ... on level 3 of the Dungeon.
             The game lasted 00:03:55 (2378 turns).

kidcy the Poker (Merfolk Monk)                      Turns: 2378, Time: 00:03:56

Health: -1/37      AC:  6    Str: 11    XL:     4   Next: 55%
Magic:  4/4        EV: 13    Int: 14    God:
Gold:   139        SH:  0    Dex: 17    Spells: 1/3 levels left

rFire    . . .     SeeInvis .   i - -1 trident (curse)
rCold    . . .     Gourm    .   j - +1 ring mail {MR+}
rNeg     . . .     Faith    .   (no shield)
rPois    .         Spirit   .   (no helmet)
rElec    .         Reflect  .   (no cloak)
rCorr    .         Harm     .   (no gloves)
MR       +....                  (no boots)
Stlth    ++........             (no amulet)
Regen    0.2/turn               (no ring)
MPRegen  0.1/turn               (no ring)

@: brilliant
A: change form in water, swift swim, stealthy swim
a: no special abilities


You were on level 3 of the Dungeon.
You were hungry.

You visited 1 branch of the dungeon, and saw 4 of its levels.

You collected 139 gold pieces.

Inventory:

Hand Weapons
 a - a +0 spear
 i - a cursed -1 trident (weapon)
Armour
 b - a +0 robe
 j - a +1 ring mail of magic resistance (worn)
 k - a +0 shield
Scrolls
 e - a scroll of noise {unknown}
 f - 4 scrolls of identify {unknown}
 l - 2 scrolls of enchant armour {unknown}
 m - 2 scrolls of blinking {unknown}
 n - a scroll of random uselessness {unknown}
 r - 2 scrolls of remove curse {unknown}
 s - 2 scrolls of teleportation {unknown}
 t - a scroll of enchant weapon {unknown}
Potions
 g - a potion of magic
 h - a potion of mutation {unknown}
 o - a potion of flight {unknown}
Books
 q - a book of Minor Magic

   Spells                             Type                      Level
   a - Magic Dart                     Conjuration                  1
   b - Blink                          Translocation                2
   c - Call Imp                       Summoning                    2
   d - Slow                           Hexes                        2
   e - Conjure Flame                  Conjuration/Fire             3
   f - Mephitic Cloud                 Conjuration/Poison/Air       3
Comestibles
 c - 3 bread rations
 p - 2 fruits


   Skills:
 + Level 4.1 Fighting
 * Level 6.0 Polearms
 + Level 4.9 Dodging
 - Level 2.1 Stealth


You had one spell level left.
You knew the following spells:

 Your Spells              Type           Power        Failure   Level  Hunger
a - Blink                 Tloc           N/A          21%         2    ###....


Dungeon Overview and Level Annotations

Branches:
Dungeon (4/15)
 Temple: D:4-7

Altars:
Ru

Annotations:
D:3 Grinder


Message History

You hit Grinder.
Grinder is lightly wounded.
Grinder gestures at you. You resist with some effort.
You barely miss Grinder.
Grinder is lightly wounded.
Grinder hits you!
You writhe in agony.
You hit Grinder but do no damage.
Grinder is lightly wounded.
Grinder misses you.
You hit Grinder.
Grinder is moderately wounded.
Grinder hits you!
* * * LOW HITPOINT WARNING * * *
You writhe in agony.
* * * LOW HITPOINT WARNING * * *
It was a potion of brilliance.
You feel clever all of a sudden. Grinder hits you.
You die...

####.......#.###..#.#####.......#
..........(.................###.#
........##.#.##...#.######.## #.#
#..#...)##.#.#.............# #.#
...........#.##.##.........# #.#
#...#.#..........#.........# #.#
#...#.#..........#....###..####.#
#...#.#.........5................
......'.........@....####...###.#
....#.#..........###.# #...##..#
....#.#..........# #.# #...##.##
....#.#########.####.# #...##.##
......# #.........####...##.##
.###### ##########............
......#### ##......##.##
.####...8# #†#...#.##.#
.####.#..# #.....#.##.##


You could see Grinder.

Vanquished Creatures
  Jessica (D:2)
  2 adders
  2 oozes
  2 dart slugs (D:1)
  2 leopard geckos (D:1)
  2 giant cockroaches
  3 goblins
  3 hobgoblins
  A quokka (D:3)
  A ball python (D:1)
  4 bats
  2 frilled lizards
  4 kobolds
  4 rats
33 creatures vanquished.

Notes
Turn   | Place    | Note
-------+----------+-------------------------------------------
     0 | D:1      | kidcy the Merfolk Monk began the quest for the Orb.
     0 | D:1      | Reached XP level 1. HP: 18/18 MP: 1/1
   296 | D:1      | Reached XP level 2. HP: 16/24 MP: 2/2
   716 | D:1      | Reached skill level 5 in Polearms
   846 | D:1      | Noticed a phantom
   989 | D:2      | Reached XP level 3. HP: 28/30 MP: 3/3
  1123 | D:2      | Learned a level 2 spell: Blink
  1224 | D:2      | Noticed Jessica
  1231 | D:2      | Killed Jessica
  1231 | D:2      | Reached XP level 4. HP: 29/37 MP: 4/4
  1376 | D:2      | Found a sacrificial altar of Ru.
  1717 | D:3      | Reached skill level 6 in Polearms
  2081 | D:3      | Noticed Grinder
  2083 | D:3      | Paralysed by Grinder for 5 turns
  2378 | D:3      | Slain by Grinder

Vault maps used:
D:1:      minmay_arrival_nine_rooms
D:2:      nicolae_ru_sacrificial_ziggurat, uniq_jessica
D:3:      wad_river_or_something, uniq_grinder
D:4:      serial_shops, shop, uniq_pikel, uniq_sigmund

Skill      XL: |  1  2  3  4 |
---------------+-------------+-----
Polearms       | 5 6 |  6.0
Fighting       | 4 |  4.1
Dodging        | |  4.9
Stealth        | |  2.1

Action                   |  1- 3 |  4- 6 || total
-------------------------+-------+-------++-------
Melee: Spear             |    57 |       ||    57
       Trident           |    24 |    66 ||    90
  Use: Potion            |       |     2 ||     2
 Stab: Sleeping          |     3 |     4 ||     7
  Eat: Chunk             |     1 |     3 ||     4
Armor: Robe              |     5 |       ||     5
       Ring mail         |     7 |    14 ||    21
Dodge: Dodged            |    49 |    36 ||    85
